 Dungeon Crawl Stone Soup version 0.28.0-53-g5a82cb258f (webtiles) character file.

Game seed: 14317480632271055575

1084 ILmort the Fighter (level 8, -1/74 HPs)
             Began as a Ghoul Monk on Aug 6, 2022.
             Was a Priest of Makhleb.
             Slain by a troll (2 damage)
             ... on level 6 of the Dungeon.
             The game lasted 00:15:11 (5785 turns).

ILmort the Fighter (Ghoul Monk)                     Turns: 5785, Time: 00:15:12

Health: -1/74      AC: 11    Str: 17    XL:     8   Next: 30%
Magic:  7/7        EV: 11    Int: 11    God:    Makhleb [***...]
Gold:   227        SH:  0    Dex: 11    Spells: 7/7 levels left

rFire   . . .      SeeInvis .     - Unarmed
rCold   + . .      Faith    .   (no shield)
rNeg    + + +      Spirit   .   o - +3 ring mail
rPois   ∞          Reflect  .   v - +0 helmet
rElec   .          Harm     .   (no cloak)
rCorr   .          Rampage  .   t - +1 pair of gloves
Will    .....                   (no boots)
Stlth   +.........              (no amulet)
HPRegen 0.00/turn               c - +6 ring of intelligence
MPRegen 0.10/turn               (no ring)

@: inhibited regen, invisible
A: claws 1, cold resistance 1, negative energy resistance 3, inhibited
regeneration, torment resistance 2
a: Renounce Religion, Minor Destruction, Lesser Servant of Makhleb


You were on level 6 of the Dungeon.
You worshipped Makhleb.
Makhleb was most pleased with you.
You visited 1 branch of the dungeon, and saw 6 of its levels.

You collected 227 gold pieces.

Inventory:

Armour
 o - a +3 ring mail (worn)
 t - a +1 pair of gloves (worn)
 v - a +0 helmet (worn)
Jewellery
 c - a +6 ring of intelligence (left hand)
 j - an amulet of magic regeneration
 n - a ring of see invisible
Wands
 i - a wand of flame (21)
 p - a wand of paralysis (1)
 s - a wand of iceblast (5)
Scrolls
 g - 2 scrolls of blinking
 h - a scroll of holy word
Potions
 a - 2 potions of might {unknown}
 b - a potion of magic {unknown}
 d - 5 potions of curing
 e - a potion of heal wounds {unknown}
 f - 2 potions of lignification {unknown}
 l - a potion of experience {unknown}
 m - 2 potions of invisibility
 q - a potion of brilliance {unknown}
 r - 2 potions of attraction {unknown}
 u - a potion of degeneration {unknown}


   Skills:
 + Level 8.0 Fighting
 - Level 2.8 Dodging
 - Level 2.4 Stealth
 + Level 8.0 Unarmed Combat


You had 7 spell levels left.
You didn't know any spells.
Your spell library contained the following spells:

 Spells                   Type           Power      Damage    Failure   Level
 Animate Skeleton         Necr           0%         N/A       54%         1
 Pain                     Necr           0%         1d4       54%         1
 Vampiric Draining        Necr           0%         2d6       89%         3


Dungeon Overview and Level Annotations

Branches:
Dungeon (6/15)             Temple (0/1) D:5

Altars:
Makhleb
Uskayaw

Shops:
D:1 [   D:4 [


Innate Abilities, Weirdness & Mutations

You thrive by killing the living.
You are immune to poison.
You have sharp fingernails.
Your flesh is cold resistant. (rC+)
You are immune to negative energy. (rN+++)
You do not regenerate when monsters are visible.
You are immune to unholy pain and torment.


Message History

You punch the troll! Your punch misses the troll.
The troll is heavily wounded.
You closely miss the troll.
The troll is heavily wounded.
The troll barely misses you. x2; The troll claws you.
You barely miss the troll.
The troll is moderately wounded.
The troll closely misses you. The troll claws you!
The troll claws you but does no damage.
You hit the troll.
The troll is heavily wounded.
The troll barely misses you. The troll claws you! The troll closely misses you.
You hit the troll but do no damage.
The troll is heavily wounded.
The troll bites you but does no damage. The troll claws you. x2
You punch the troll!
The troll is severely wounded.
The troll bites you. The troll claws you.
* * * LOW HITPOINT WARNING * * *
The troll claws you but does no damage.
You hit the troll but do no damage.
The troll is severely wounded.
The troll barely misses you. The troll claws you but does no damage.
The troll claws you.
* * * LOW HITPOINT WARNING * * *
You hit the troll.
The troll is almost dead.
You barely miss the troll.
The troll is almost dead.
The troll bites you.
* * * LOW HITPOINT WARNING * * *
The troll claws you but does no damage. The troll claws you!
* * * LOW HITPOINT WARNING * * *
You fade into invisibility!
The troll bites you.
* * * LOW HITPOINT WARNING * * *
The troll claws you.
* * * LOW HITPOINT WARNING * * *
The troll claws you.
You die...

##+##
##.<.##
#...T@#
#.>.....#
#.........#
+.........+
#...(.)...#
##.......##
##.....##
##...##


You could see a troll.

Vanquished Creatures
  A steam dragon (D:4)
  A water moccasin (D:5)
  A black bear (D:5)
  An ogre (D:5)
  A necrophage (D:5)
  A gnoll sergeant (D:5)
  A scorpion (D:5)
  The ghost of Plasmagod the Ruffian, a weakling DrTm (D:3)
  2 hounds
  An orc priest (D:3)
  A gnoll shaman (D:5)
  Ijyb (D:5)
  An iguana (D:5)
  An orc wizard (D:3)
  7 gnolls
  A howler monkey skeleton (D:5)
  9 adders
  An adder skeleton (D:4)
  2 worms
  2 dart slugs
  16 orcs
  2 ball pythons
  8 bats
  7 endoplasms
  5 goblins
  3 hobgoblins (D:1)
  4 kobolds
  6 quokkas
  6 frilled lizards
  4 rats
98 creatures vanquished.

Vanquished Creatures (others)
  3 plants (D:2)
3 creatures vanquished.

Grand Total: 101 creatures vanquished

Notes
Turn   | Place    | Note
-------+----------+-------------------------------------------
     0 | D:1      | ILmort the Ghoul Monk began the quest for the Orb.
     0 | D:1      | Reached XP level 1. HP: 19/19 MP: 0/0
   351 | D:1      | Reached XP level 2. HP: 22/26 MP: 1/1
   515 | D:1      | Found Ynom's Antique Armour Shoppe.
   598 | D:1      | Reached XP level 3. HP: 18/33 MP: 2/2
  1425 | D:2      | Found a faded altar of an unknown god.
  1855 | D:2      | Found a burning altar of Makhleb.
  1867 | D:2      | Became a worshipper of Makhleb the Destroyer
  1867 | D:2      | Reached * piety under Makhleb
  1867 | D:2      | Reached ** piety under Makhleb
  2203 | D:3      | Found a runed translucent door.
  2206 | D:3      | Noticed Plasmagod's ghost (weakling DrTm)
  2238 | D:3      | Killed Plasmagod's ghost
  2239 | D:3      | Reached XP level 4. HP: 16/41 MP: 3/3
  2842 | D:3      | Reached XP level 5. HP: 46/47 MP: 4/4
  2880 | D:3      | Reached skill level 5 in Fighting
  2880 | D:3      | Reached skill level 5 in Unarmed Combat
  3454 | D:4      | Noticed a +0 dagger
  3454 | D:4      | Noticed a +0 falchion
  3537 | D:4      | Reached XP level 6. HP: 42/56 MP: 5/5
  3742 | D:4      | Noticed a +0 spear
  3743 | D:4      | Noticed a +0 falchion
  3744 | D:4      | Noticed a +0 dagger
  3744 | D:4      | Noticed a +0 spear
  3746 | D:4      | Noticed a +0 short sword
  3748 | D:4      | Noticed a +0 short sword
  3759 | D:4      | Found a hide-covered altar of Uskayaw.
  3775 | D:4      | Noticed a steam dragon
  3787 | D:4      | Killed a steam dragon
  3798 | D:4      | HP: 1/57 [adder (2)]
  4137 | D:4      | Found Roptosych's Antique Armour Emporium.
  4320 | D:5      | Entered Level 5 of the Dungeon
  4351 | D:5      | Noticed a black bear
  4363 | D:5      | Reached XP level 7. HP: 57/63 MP: 6/6
  4410 | D:5      | Noticed Ijyb
  4425 | D:5      | Killed Ijyb
  5083 | D:5      | Reached *** piety under Makhleb
  5094 | D:5      | Reached XP level 8. HP: 50/73 MP: 7/7
  5187 | D:5      | Found a staircase to the Ecumenical Temple.
  5770 | D:6      | Noticed a troll
  5785 | D:6      | HP: 2/74 [troll (3)]
  5785 | D:6      | Slain by a troll

Illustrated notes

Levels and vault maps discovered:
D:1:      erik_arrival_cave_to_civilisation [erik_arrival_cave_to_hall],
          layout_basic, serial_shops, shop
D:2:      layout_loops_corners, basic_altar,
          shapermc_ecumenical_altar_mp_ritualfount
D:3:      layout_loops_ring, hellmonk_ghost_happy_afterlife,
          serial_co_window_serial, co_window_of_opportunity_a,
          co_window_paths_b, co_window_corner_a, co_window_paths_b,
          co_window_paths_a, co_window_unsneaky_path_a,
          co_window_unsneaky_path_d, co_window_2corner, co_window_2corner,
          co_window_corner_b, fountainhead, eino_tiny_chamber
D:4:      layout_cave_pools, nicolae_uskayaw_en_pointe, serial_shops, shop
D:5:      layout_basic, minmay_temple_entry_stoned_glass, st_stairs_5, uniq_ijyb
D:6:      layout_loops_corners, st_stairs_4, uniq_menkaure,
          uniq_crazy_yiuf_cottage

Skill      XL: |  1  2  3  4  5  6  7  8 |
---------------+-------------------------+-----
Fighting       | 4 5 6 7 8 |  8.0
Unarmed Combat | 4 5 6 7 8 |  8.0
Dodging        | |  2.8
Stealth        | |  2.4

Action                   |  1- 3 |  4- 6 |  7- 9 || total
-------------------------+-------+-------+-------++-------
Melee: Unarmed           |   138 |   137 |   146 ||   421
       Punch             |     7 |     6 |     7 ||    20
  Use: Scroll            |       |     1 |     4 ||     5
       Potion            |       |       |     1 ||     1
Armor: Ring mail         |    54 |    57 |    75 ||   186
       Robe              |     1 |       |       ||     1
Dodge: Dodged            |    73 |    42 |    81 ||   196
